 Dungeon Crawl Stone Soup version 0.22-a0-417-g1387785 (webtiles) character file.

459 iamserjio the Ducker (level 6, 33/33 HPs)
             Began as a Spriggan Fighter on May 14, 2018.
             Quit the game on level 4 of the Dungeon.
             The game lasted 00:12:41 (7449 turns).

iamserjio the Ducker (Spriggan Fighter)             Turns: 7449, Time: 00:12:42

Health: 33/33      AC:  3    Str: 13    XL:     6   Next: 78%
Magic:  7/7        EV: 21    Int:  9    God:
Gold:   131        SH:  6    Dex: 17    Spells: 5/5 levels left

rFire    . . .     SeeInvis +   a - +0 rapier
rCold    . . .     Gourm    .   c - +0 buckler
rNeg     . . .     Faith    .   b - +0 robe
rPois    .         Spirit   .   (helmet restricted)
rElec    .         Reflect  .   l - +0 cloak
rCorr    .         Harm     .   (gloves unavailable)
MR       +....                  (boots unavailable)
Stlth    ++........             n - amulet of the acrobat
HPRegen  0.11/turn              (no ring)
MPRegen  0.10/turn              (no ring)

@: very quick
A: very small, unfitting armour, see invisible, herbivore, speed 3, slow
metabolism 2
a: no special abilities


You were on level 4 of the Dungeon.
You were very hungry.

You visited 2 branches of the dungeon, and saw 6 of its levels.

You collected 131 gold pieces.

Inventory:

Hand Weapons
 a - a +0 rapier (weapon)
Armour
 b - a +0 robe (worn)
 c - a +0 buckler (worn)
 l - a +0 cloak (worn)
Jewellery
 n - an amulet of the acrobat (around neck)
 o - an uncursed amulet of guardian spirit {unknown}
Wands
 p - a wand of paralysis (9)
Scrolls
 g - a scroll of teleportation
 i - a scroll of enchant armour {unknown}
 m - a scroll of remove curse {unknown}
Potions
 d - 2 potions of might
 h - 2 potions of resistance
 j - 2 potions of brilliance {unknown}
 k - 2 potions of curing
Comestibles
 f - 5 rations


   Skills:
 + Level 3.7 Fighting
 * Level 5.7 Short Blades
 + Level 6.5 Dodging
 + Level 2.8 Stealth
 - Level 2.1 Shields


You had 5 spell levels left.
You didn't know any spells.
Your spell library was empty.

Dungeon Overview and Level Annotations

Branches:
Dungeon (5/15)             Temple (1/1) D:4

Altars:
Cheibriados
Dithmenos
Elyvilon
Hepliaklqana
Kikubaaqudgha
Makhleb
Nemelex Xobeh
Okawaru
Ru
Sif Muna
Uskayaw
Vehumet
Wu Jian
Xom
Yredelemnul

Annotations:
D:4 Pikel


Innate Abilities, Weirdness & Mutations

You are very small and have problems with some larger weapons.
You are too small for most types of armour.
You have supernaturally acute eyesight. (SInv)
You are a herbivore.
You cover ground extremely quickly.
You need to consume almost no food.


Message History

Found a shadowy altar of Dithmenos.
Found a radiant altar of Vehumet.
There is a radiant altar of Vehumet here.
Found an ornate altar of the Wu Jian Council.
There is an ornate altar of the Wu Jian Council here.
Found a deep blue altar of Sif Muna.
Done exploring.
Done exploring.
There is a staircase back to the Dungeon here.
You climb upwards.
Welcome back to the Dungeon!
Level annotation: Pikel
There is a staircase to the Ecumenical Temple here.
There is an open door here.
You open the door.
There is an open door here.
A howler monkey comes into view.
The helpless howler monkey fails to defend itself.
You impale the howler monkey!!
You kill the howler monkey!
Are you sure you want to abandon this character and quit the game? (Confirm with "yes".)

#...# #....... ###.# #.#..##.
##### #.# #.#..... ##...##
#.#########.......
##.....###.##.....##.......
###.......##.##..............
#....._...##.##......##<...o.
#.#.......##.##.....###......
#.##.....###@##.....# #.###.#
#.###...##...######## #......
#.# ############## #####.#
#.#####..........## #..[..#
#.......#####.....# #.#####
#######....##..._.## #.#
#.##.........# #.#
#.#####..###.####[# ##
#......#'#........# #.


There were no monsters in sight!

Vanquished Creatures
  2 slaves (D:4)
  A centaur (D:5)
  A howler monkey (D:4)
  A hound (D:4)
  A crimson imp (D:5)
  An orc wizard (D:4)
  Crazy Yiuf (D:2)
  A worker ant (D:4)
  A gnoll (D:3)
  7 adders
  3 oozes
  5 worms
  4 dart slugs
  10 orcs
  7 bats
  2 giant cockroaches (D:2)
  17 goblins
  4 hobgoblins
  8 jackals (D:3)
  8 kobolds
  3 quokkas
  A frilled lizard (D:2)
  A quokka skeleton (D:4)
  6 rats
96 creatures vanquished.

Vanquished Creatures (others)
  A kobold (D:1)
1 creature vanquished.

Grand Total: 97 creatures vanquished

Notes
Turn   | Place    | Note
-------+----------+-------------------------------------------
     0 | D:1      | iamserjio the Spriggan Fighter began the quest for the Orb.
     0 | D:1      | Reached XP level 1. HP: 11/11 MP: 2/2
   581 | D:1      | Reached XP level 2. HP: 13/16 MP: 3/3
  1418 | D:1      | Reached XP level 3. HP: 17/19 MP: 4/4
  1672 | D:2      | Reached skill level 5 in Dodging
  1958 | D:2      | Found a sparkling altar of Nemelex Xobeh.
  2210 | D:2      | Found a runed door.
  2403 | D:2      | Noticed Crazy Yiuf
  2409 | D:2      | Killed Crazy Yiuf
  2409 | D:2      | Reached XP level 4. HP: 5/24 MP: 5/5
  4416 | D:3      | Reached XP level 5. HP: 28/28 MP: 6/6
  5045 | D:4      | Noticed a slave
  5063 | D:4      | Found a snail-covered altar of Cheibriados.
  5072 | D:4      | Found a hazy altar of Hepliaklqana.
  5097 | D:4      | Found a hide-covered altar of Uskayaw.
  5156 | D:4      | Killed a slave
  5444 | D:4      | Noticed a slave
  5445 | D:4      | Noticed a slave
  5447 | D:4      | Noticed a slave
  5482 | D:4      | Killed a slave
  5656 | D:4      | Noticed Pikel
  6113 | D:5      | Entered Level 5 of the Dungeon
  6217 | D:5      | Reached skill level 5 in Short Blades
  6217 | D:5      | Reached skill level 6 in Dodging
  6217 | D:5      | Reached skill level 1 in Stealth
  6450 | D:5      | Noticed a centaur
  6457 | D:5      | Killed a centaur
  6457 | D:5      | Reached XP level 6. HP: 17/32 MP: 7/7
  6621 | D:5      | Found a white marble altar of Elyvilon.
  7217 | D:4      | Found a staircase to the Ecumenical Temple.
  7227 | Temple   | Entered the Ecumenical Temple
  7449 | D:4      | Quit the game

Vault maps used:
D:1:      minmay_arrival_stair_chambers, minivault_4, serial_bayou_pond_c
D:2:      lemuel_round_altar, first_ration, uniq_crazy_yiuf_cottage
D:3:      minmay_goblin_kobold_castle
D:4:      kennysheep_mini, lemuel_round_altar, minmay_temple_entry_glassed_door,
          cheibriados_altar_1, uniq_pikel
D:5:      minmay_crystal_room, hangedman_feature_mirror
Temple:   dpeg_chambers_temple

Skill      XL: |  1  2  3  4  5  6 |
---------------+-------------------+-----
Short Blades   | 3 4 5 |  5.7
Dodging        | 5 6 |  6.5
Fighting       | 3 |  3.7
Stealth        | 1 2 |  2.8
Shields        | |  2.1

Action                   |  1- 3 |  4- 6 || total
-------------------------+-------+-------++-------
Melee: Rapier            |   122 |   368 ||   490
Evoke: Wand              |       |     2 ||     2
  Use: Scroll            |       |     4 ||     4
 Stab: Sleeping          |     4 |     2 ||     6
       Paralysed         |       |     2 ||     2
  Eat: Ration            |       |     2 ||     2
Armor: Robe              |     9 |    26 ||    35
Dodge: Dodged            |    77 |   263 ||   340
Block: Buckler           |    34 |   105 ||   139

Table legend:
 A = Spawn XP
 B = Non-spawn XP
 C = Spawn XP percentage of total XP
 D = Spawn monster count
 E = Non-spawn monster count
 F = Spawn count percentage of total count
 G = Total turns spent on level
                    A         B        C        D         E        F      G
               +---------+---------+-------+---------+---------+-------+---------
         Total |       0 |     657 |   0.0 |       0 |      94 |   0.0 |  7449
               +---------+---------+-------+---------+---------+-------+---------
           D:1 |       0 |      48 |   0.0 |       0 |      20 |   0.0 |  1661
           D:2 |       0 |      83 |   0.0 |       0 |      22 |   0.0 |  1522
           D:3 |       0 |     157 |   0.0 |       0 |      36 |   0.0 |  2203
           D:4 |       0 |     199 |   0.0 |       0 |      12 |   0.0 |  1318
           D:5 |       0 |     170 |   0.0 |       0 |       4 |   0.0 |   549
               +---------+---------+-------+---------+---------+-------+---------
